 Dungeon Crawl Stone Soup version 0.30-a0-358-g0d69a1922f (webtiles) character file.

Game seed: 8660768533049246073

226 Elric the Chopper (level 5, -5/45 HPs)
             Began as a Minotaur Fighter on Nov 8, 2022.
             Slain by a gnoll
             ... wielding a +0 flail
             ... led by a gnoll bouda
              (10 damage)
             ... on level 4 of the Dungeon on Nov 9, 2022.
             The game lasted 00:03:43 (2149 turns).

Elric the Chopper (Minotaur Fighter)                Turns: 2149, Time: 00:03:43

Health: -5/45      AC:  6    Str: 23    XL:     5   Next: 69%
Magic:  4/4        EV:  9    Int:  5    God:
Gold:   72         SH:  4    Dex:  9    Spells: 4/4 levels left

rFire   . . .      SeeInvis .    e - +3 hammer "Beetlebane" {pain, rC+ Stlth+}
rCold   + . .      Faith    .    c - +0 buckler
rNeg    . . .      Spirit   .    b - +0 scale mail
rPois   .          Reflect  .    (helmet restricted)
rElec   .          Harm     .    (no cloak)
rCorr   .          Rampage  .    (no gloves)
Will    .....                    (no boots)
Stlth   +.........               (no amulet)
HPRegen 0.27/turn                (no ring)
MPRegen 0.09/turn                (no ring)

@: no status effects
A: horns 2, retaliatory headbutt
a: no special abilities


You were on level 4 of the Dungeon.
You visited 1 branch of the dungeon, and saw 4 of its levels.

You collected 72 gold pieces.

Inventory:

Hand Weapons
 a - a +0 war axe
 e - the +3 hammer "Beetlebane" (weapon) {pain, rC+ Stlth+}
   (You found it on level 2 of the Dungeon)

   In the hands of one skilled in necromantic magic, it inflicts extra damage on
   living creatures.
   rC:        It protects you from cold.
   Stlth:     It makes you more stealthy.
Armour
 b - a +0 scale mail (worn)
 c - a +0 buckler (worn)
Jewellery
 m - the amulet of Xom's Attic {RegenMP rF+ rCorr}
   (You found it on level 3 of the Dungeon)

   [amulet of magic regeneration]

   It increases your rate of magic regeneration.
   rF:        It protects you from fire.
   rCorr:     It protects you from acid and corrosion.
Wands
 d - a wand of digging (7)
Scrolls
 f - a scroll of identify {unknown}
 h - a scroll of immolation {unknown}
 i - a scroll of enchant weapon {unknown}
 k - 2 scrolls of teleportation {unknown}
 l - 3 scrolls of noise {unknown}
 o - a scroll of fog {unknown}
Potions
 g - a potion of degeneration {unknown}
 j - 4 potions of haste {unknown}
 n - 2 potions of mutation {unknown}
 p - a potion of heal wounds


   Skills:
 - Level 3.6 Fighting
 - Level 5.8(6.0) Axes
 + Level 2.1(4.2) Maces & Flails
 - Level 3.6 Armour
 - Level 3.6 Shields
 * Level 1.9 Necromancy


You had 4 spell levels left.
You didn't know any spells.
Your spell library contained the following spells:

 Spells                   Type           Power      Damage    Failure   Level
 Sandblast                Erth           0%         2d4       86%         1
 Passwall                 Tmut/Erth      0%         N/A       95%         2
 Stone Arrow              Conj/Erth      0%         3d7       99%         3


Dungeon Overview and Level Annotations

Branches:
Dungeon (4/15)
 Temple: D:4-7

Altars:


Innate Abilities, Weirdness & Mutations

You have a pair of horns on your head.
You reflexively headbutt those who attack you in melee.


Message History

You are too injured to fight recklessly!
The gnoll hits you but does no damage.
The jackal bites you but does no damage.
The jackal attacks as you move away! The jackal closely misses you.
The jackal attacks as you move away! The jackal barely misses you.
The gnoll bouda utters an invocation to its god.
The gnoll bouda is healed somewhat.
The jackal barely misses you.
The gnoll hits you from afar with a +0 spear.
The gnoll hits you but does no damage. The jackal attacks as you move away!
The jackal barely misses you.
Your attacks no longer feel as feeble.
The gnoll bouda gazes fiercely through you!
You feel your attacks grow feeble. The jackal attacks as you move away!
The jackal barely misses you. You block the jackal's attack.
You block the gnoll's attack. The jackal attacks as you move away!
The jackal closely misses you. You furiously retaliate!
You headbutt the jackal!
You kill the jackal!
The gnoll attacks as you move away! The gnoll hits you with a +0 flail.
The gnoll is no longer moving quickly. x2
The gnoll bouda barks out a call to the hunt!
The gnolls pick up the pace!
The gnoll is no longer moving quickly.
The gnoll hits you from afar with a +0 spear.
The gnoll misses you. You furiously retaliate!
You headbutt the gnoll. The gnoll attacks as you move away!
The gnoll hits you with a +0 flail.
* * * LOW HITPOINT WARNING * * *
Your attacks no longer feel as feeble.
The gnoll attacks as you move away! The gnoll barely misses you.
The gnoll attacks as you move away! The gnoll misses you.
The gnoll is no longer moving quickly.
The gnoll bouda barks out a call to the hunt!
The gnolls pick up the pace!
The gnoll hits you with a +0 flail!
* * * LOW HITPOINT WARNING * * *
The gnoll attacks as you move away! The gnoll barely misses you.
You block the gnoll's attack. The gnoll hits you but does no damage.
The gnoll hits you with a +0 flail!
You die...

#.. #..#....##.# #..#
#..#.......
######..####P.......###
....................#..
#...................#.####
###.# #...............#...<#
....# #........##.....#....#
....# #......gg##.###.#..###.#
....###..g...Bgg@.# #........#
#............#################
#............# #.........#
.............# #.#######.#
##...........###.### #.#
#...........#.....# #.#
#...........#.....# ###
.........PP...P.P..#
##........#PP#PP#.P#


You could see a gnoll bouda, 4 gnolls and a giant cockroach.

Vanquished Creatures
  An orc priest (D:2)
  A jelly (D:3)
  Crazy Yiuf (D:2)
  2 orc wizards (D:3)
  2 adders
  5 worms
  2 dart slugs (D:2)
  7 orcs
  5 ball pythons
  4 bats
  3 endoplasms
  6 hobgoblins
  2 jackals (D:4)
  4 kobolds
  2 quokkas
  2 frilled lizards (D:2)
  4 goblins
  3 rats
56 creatures vanquished.

Notes
Turn   | Place    | Note
-------+----------+-------------------------------------------
     0 | D:1      | Elric the Minotaur Fighter began the quest for the Orb.
     0 | D:1      | Reached XP level 1. HP: 19/19 MP: 0/0
    66 | D:1      | You fall into a shaft and drop 1 floor!
   121 | D:2      | Reached skill level 3 in Axes
   159 | D:2      | Reached XP level 2. HP: 25/26 MP: 1/1
   165 | D:2      | Reached skill level 4 in Axes
   369 | D:2      | Reached XP level 3. HP: 31/31 MP: 2/2
   426 | D:2      | Reached skill level 5 in Axes
   426 | D:2      | Reached XP level 4. HP: 6/39 MP: 3/3
   773 | D:2      | Upgraded the game from 0.30-a0-355-g4c39ff33d3 to
                  | 0.30-a0-358-g0d69a1922f
   965 | D:2      | Found a runed translucent door.
   966 | D:2      | Noticed Crazy Yiuf
   975 | D:2      | Killed Crazy Yiuf
   979 | D:2      | Identified the +3 hammer "Beetlebane" {pain, rC+ Stlth+}
  1525 | D:3      | Identified the +3 short sword of Paper {freeze, *Slow rElec
                  | rC+}
  1678 | D:3      | Reached skill level 1 in Maces & Flails
  1678 | D:3      | Reached skill level 1 in Necromancy
  1678 | D:3      | Reached XP level 5. HP: 43/45 MP: 4/4
  1776 | D:3      | Identified the amulet of Xom's Attic {RegenMP rF+ rCorr}
  2149 | D:4      | Slain by a gnoll

Illustrated notes

Levels and vault maps discovered:
D:1:      nagdon_arrival_double_spiral, layout_basic,
          ebering_ecumenical_altar_webs
D:2:      layout_basic, st_stairs_11, uniq_crazy_yiuf_cottage
D:3:      layout_basic, kennysheep_another_room
D:4:      corexii_shack_village, layout_basic, nicolae_elyvilon_temple_path,
          minmay_temple_entry_ruins, serial_shops, shop,
          nicolae_figureground_sparkle

Skill      XL: |  1  2  3  4  5 |
---------------+----------------+-----
Axes           | 3 4 5 |  5.8
Maces & Flails | 1 2 |  2.1
Necromancy     | 1 |  1.9
Fighting       | |  3.6
Armour         | |  3.6
Shields        | |  3.6

Action                   |  1- 3 |  4- 6 || total
-------------------------+-------+-------++-------
Melee: War axe           |    37 |    19 ||    56
       Headbutt          |    10 |    10 ||    20
       Mace              |       |    63 ||    63
  Use: Potion            |       |     2 ||     2
Armor: Scale mail        |    20 |    41 ||    61
Dodge: Dodged            |    13 |    43 ||    56
Block: Buckler           |     9 |    27 ||    36

Table legend: (Time is in decaauts)
 A = Elapsed time spent in this place.
 B = Non-inter-level travel time spent in this place.
 C = Inter-level travel time spent in this place.
 D = Time resting spent in this place.
 E = Time spent auto-exploring this place.
 F = Levels seen in this place.
 G = Mean time per level.
                   A        B        C        D        E       F      G
               +--------+--------+--------+--------+--------+-----+--------+
         Total |   2216 |   2169 |     47 |     29 |   1788 |   4 |  554.0 |
       Dungeon |   2216 |   2169 |     47 |     29 |   1788 |   4 |  554.0 |
               +--------+--------+--------+--------+--------+-----+--------+

Top non-repeatable levels by time:
     D:2: 1278 daAuts
     D:3: 732 daAuts
     D:4: 104 daAuts
     D:1: 101 daAuts
